Map: 2000 Atmospheres LE

Players

Demi - Winner!

  • Race: Zerg Zerg

Seither

  • Race: Terran Terran

Event: DreamHack SC2 Masters 2021 Winter

VOD

Have the link to the VOD?

Description

Time

  • Played on: Sept. 29, 2021, 5:36 a.m.
  • Length: 26:04

All games in this series

Show
View Real Time Build Order
Export as new Build Order

Demi Zerg - Winner!

Build Orders: Hatch First 

Get SALT Encoding   

  12  0:00  Drone  
  13  0:12  Overlord  
  13  0:17  Drone  
  14  0:31  Drone x2  
  16  0:47  Hatchery  
  15  0:50  Drone  
  15  0:55  Drone  
  17  0:57  Drone  
  18  1:09  Extractor  
  17  1:12  Spawning Pool  
  17  1:15  Drone  
  17  1:19  Drone  
  18  1:28  Drone  
  20  1:40  Drone  
  20  1:51  Drone  
  21  1:59  Queen x2  
  21  2:00  Zergling x4  
  27  2:12  Overlord  
  27  2:15  Drone  
  27  2:20  Hatchery  
  27  2:23  Drone  
  28  2:31  Drone  
  28  2:35  Queen  
  31  2:39  Drone x2  
  33  2:49  Overlord  
  33  2:50  Metabolic Boost  
  33  2:52  Drone  
  33  2:55  Drone x2  
  36  3:07  Queen  
  36  3:09  Drone x3  
  36  3:11  Drone  
  42  3:17  Drone x2  
  42  3:19  Overlord  
  44  3:26  Overlord  
  44  3:32  Queen  
  44  3:33  Overlord  
  46  3:38  Drone x2  
  48  3:42  Zergling x4  
  48  3:44  Drone x2  
  48  3:46  Queen  
  54  3:54  Drone, Zergling x2  
  54  3:55  Drone x2  
  58  4:02  Drone x3  
  61  4:07  Drone  
  61  4:08  Spore Crawler  
  61  4:12  Queen  
  61  4:14  Overlord  
  61  4:16  Zergling x2  
  61  4:17  Zergling x4  
  65  4:21  Drone  
  65  4:22  Lair, Extractor  
  65  4:27  Baneling Nest  
  64  4:36  Zergling x2  
  64  4:37  Zergling x2  
  66  4:39  Drone x6  
  66  4:42  Overlord x2  
  72  4:46  Drone  
  73  4:55  Overlord x2  
  73  4:56  Overlord  
  73  5:00  Queen  
  73  5:01  Drone x2  
  73  5:03  Zergling x4  
  73  5:06  Drone x4  
  82  5:08  Extractor  
  82  5:09  Extractor  
  82  5:13  Drone x3  
  83  5:18  Extractor x2  
  83  5:20  Drone x3  
  84  5:27  Spire  
  83  5:28  Drone  
  83  5:29  Drone x4  
  88  5:36  Drone x2  
  88  5:37  Drone  
  88  5:42  Drone x2  
  93  5:43  Zergling x2  
  93  5:44  Zergling x2  
  93  5:45  Centrifugal Hooks  
  95  5:51  Zergling x2  
  95  5:52  Zergling x8  
  100  5:57  Hatchery  
  100  5:59  Overlord  
  100  6:00  Overlord  
  100  6:03  Baneling x2  
  99  6:15  Baneling  
  99  6:16  Baneling x5  
  99  6:18  Baneling x2  
  99  6:20  Drone x4  
  99  6:21  Drone x4  
  107  6:27  Overlord x2  
  107  6:28  Overlord  
  107  6:32  Overlord x2  
  107  6:33  Zergling x2  
  107  6:39  Zergling x2  
  109  6:40  Zergling x10  
  111  6:48  Mutalisk x4, Extractor  
  111  6:51  Zerg Flyer Weapons Level 1, Mutalisk x2  
  111  6:52  Mutalisk x2  
  126  6:59  Baneling x3  
  126  7:02  Zergling x6  
  126  7:03  Evolution Chamber  
  126  7:04  Baneling x5, Evolution Chamber  
  127  7:10  Spore Crawler  
  127  7:12  Spore Crawler  
  127  7:14  Queen  
  126  7:18  Mutalisk x2  
  126  7:20  Drone x6  
  126  7:21  Drone  
  136  7:25  Zergling x8  
  136  7:26  Zergling x2  
  141  7:34  Zerg Ground Armor Level 1, Zerg Melee Weapons Level 1  
  141  7:39  Spore Crawler  
  141  7:43  Overseer  
  138  7:55  Zergling x2  
  138  7:56  Zergling x26, Spore Crawler  
  138  7:58  Baneling x6  
  151  7:59  Baneling x4  
  151  8:01  Mutalisk  
  153  8:12  Mutalisk x3  
  145  8:18  Zergling x14  
  146  8:22  Overseer  
  141  8:31  Pneumatized Carapace  
  141  8:32  Mutalisk  
  141  8:33  Mutalisk x2  
  134  8:36  Drone x8  
  134  8:40  Extractor  
  140  8:45  Zergling x2  
  140  8:46  Zergling x6  
  140  8:48  Zerg Flyer Weapons Level 2  
  144  8:58  Baneling x11  
  144  9:02  Zergling x18  
  153  9:03  Zergling x2  
  153  9:07  Zergling x6  
  153  9:08  Zergling x2  
  155  9:21  Baneling x5  
  155  9:22  Baneling x2  
  150  9:25  Overlord  
  150  9:26  Overlord x3  
  150  9:30  Zerg Ground Armor Level 2, Zerg Melee Weapons Level 2  
  150  9:36  Zergling x26  
  150  9:37  Hatchery  
  156  9:40  Baneling x8  
  156  9:46  Drone  
  156  9:47  Drone x4  
  156  9:50  Zergling x4  
  157  10:02  Overseer x2  
  157  10:11  Zergling x30  
  157  10:12  Zergling x2  
  170  10:18  Baneling  
  170  10:19  Baneling x8  
  170  10:21  Mutalisk x3  
  168  10:25  Drone x3  
  177  10:30  Baneling x6  
  167  10:36  Zergling x22  
  167  10:39  Baneling x2  
  167  10:40  Baneling x2  
  167  10:42  Overlord x2  
  160  10:50  Zergling x10  
  160  10:53  Queen  
  160  10:56  Baneling x4  
  161  11:00  Mutalisk x4  
  161  11:01  Mutalisk  
  171  11:08  Zerg Flyer Armor Level 1  
  171  11:10  Zergling x16  
  178  11:17  Zergling x2  
  178  11:18  Zergling x12  
  183  11:24  Extractor  
  183  11:25  Baneling x2  
  182  11:26  Baneling x3  
  182  11:30  Zergling x2  
  182  11:31  Zergling x14  
  187  11:36  Baneling x3  
  187  11:37  Baneling x6  
  183  11:44  Zergling x20, Extractor  
  183  11:45  Zergling x6  
  180  11:58  Baneling  
  180  11:59  Baneling x16  
  180  12:01  Zergling x6  
  171  12:14  Zergling x12  
  171  12:15  Zergling x14  
  178  12:25  Mutalisk  
  178  12:26  Mutalisk x4  
  184  12:39  Zergling x18  
  184  12:43  Drone x2  
  193  12:59  Zergling x14  
  193  13:05  Baneling x6  
  196  13:06  Baneling x8  
  179  13:20  Zergling x2  
  179  13:21  Zergling x26  
  179  13:25  Zergling x6  
  177  13:27  Zergling x2  
  150  13:43  Mutalisk x8  
  166  13:56  Baneling x11  
  166  13:57  Baneling x3  
  166  14:00  Zergling x14  
  172  14:05  Zerg Flyer Armor Level 2  
  172  14:06  Infestation Pit  
  171  14:10  Zergling x10  
  171  14:13  Zergling x2  
  171  14:14  Zergling x2  
  178  14:18  Baneling x4  
  176  14:25  Baneling x12  
  176  14:28  Zergling x2  
  176  14:29  Zergling x20  
  179  14:47  Hive  
  175  15:00  Zergling x10  
  175  15:01  Zergling x30  
  195  15:15  Mutalisk x2  
  195  15:17  Overseer  
  195  15:18  Overseer x3  
  199  15:27  Baneling x2  
  199  15:28  Baneling x13  
  198  15:36  Hatchery  
  198  15:41  Zergling x2  
  198  15:42  Zergling x4  
  191  15:52  Zergling x36  
  191  15:53  Zergling x2  
  162  16:15  Zerg Melee Weapons Level 3, Zerg Ground Armor Level 3  
  162  16:17  Ultralisk Cavern, Adrenal Glands  
  159  16:23  Zergling x2  
  159  16:24  Zergling x28  
  172  16:31  Zerg Flyer Weapons Level 3, Burrow  
  172  16:35  Drone x3  
  172  16:36  Drone x4  
  179  16:47  Baneling  
  179  16:48  Baneling x11  
  174  16:54  Zergling x2  
  174  16:55  Zergling x18  
  174  16:59  Baneling x5  
  181  17:04  Zergling x14  
  181  17:05  Zergling x4  
  182  17:14  Zergling x2  
  182  17:15  Zergling x14  
  143  17:26  Zergling x14  
  143  17:29  Queen  
  150  17:32  Queen  
  150  17:33  Drone x2  
  150  17:34  Baneling x3  
  150  17:35  Anabolic Synthesis  
  153  17:40  Baneling x2  
  153  17:41  Baneling x3  
  153  17:46  Ultralisk  
  159  17:57  Baneling  
  159  17:58  Baneling  
  159  18:02  Ultralisk  
  159  18:03  Hatchery  
  164  18:09  Ultralisk  
  168  18:16  Baneling x9  
  165  18:23  Ultralisk  
  167  18:30  Ultralisk  
  170  18:38  Ultralisk  
  173  19:00  Ultralisk  
  173  19:02  Drone x4  
  183  19:08  Ultralisk  
  189  19:15  Baneling x2  
  189  19:16  Baneling x9  
  188  19:23  Zergling x2  
  188  19:24  Zergling x8  
  182  19:42  Zergling x8  
  182  19:43  Zergling x22  
  177  20:01  Mutalisk x8  
  193  20:13  Spore Crawler  
  192  20:16  Zergling x14  
  185  20:35  Baneling x13  
  184  20:44  Zergling x24  
  194  20:54  Zergling x6  
  187  21:01  Hatchery  
  187  21:03  Zergling x2  
  146  21:18  Zergling x6  
  146  21:19  Zergling x18  
  155  21:32  Ultralisk, Zergling x10  
  166  21:36  Baneling x5  
  166  21:49  Ultralisk, Zergling x4  
  174  21:57  Zergling x12  
  174  21:58  Zergling x2  
  181  22:10  Zergling x12  
  187  22:24  Zergling x2  
  187  22:25  Zergling x20  
  198  22:30  Baneling x7  
  198  22:31  Baneling x2  
  176  22:38  Zergling x6  
  176  22:39  Zergling x6  
  147  22:52  Zergling x14  
  152  23:03  Overseer  
  152  23:18  Spore Crawler  
  134  23:25  Zergling x32  
  140  23:31  Zergling x2  
  132  23:37  Ultralisk x2, Zergling x2  
  132  23:38  Zergling x4  
  147  23:45  Drone  
  139  24:02  Ultralisk x2, Zergling x2  
  152  24:03  Zergling x4  
  151  24:19  Baneling x14  
  149  24:39  Hatchery  
  148  24:54  Zergling x14  
  148  24:55  Zergling x20  
  165  25:13  Zergling x10  
  165  25:14  Zergling x10  
  175  25:21  Queen  
  177  25:23  Overlord  
  177  25:24  Drone x2  
  177  25:25  Drone  
  180  25:41  Zergling x16  
  180  25:42  Zergling x2  
Show
View Real Time Build Order
Export as new Build Order

Seither Terran 

Build Orders: Reaper Expand 

Get SALT Encoding   

  12  0:00  SCV  
  13  0:12  SCV  
  14  0:16  Supply Depot  
  14  0:24  SCV  
  15  0:38  SCV  
  15  0:40  Barracks  
  16  0:44  Refinery  
  16  0:50  SCV  
  17  1:02  SCV  
  18  1:14  SCV  
  19  1:27  Orbital Command  
  19  1:28  Reaper  
  20  1:40  Command Center  
  20  1:51  Supply Depot  
  20  1:53  SCV  
  21  2:00  Marine  
  22  2:05  SCV  
  23  2:09  Factory  
  23  2:17  SCV  
  23  2:22  Barracks Reactor  
  24  2:29  SCV  
  25  2:41  SCV  
  25  2:43  Command Center  
  26  2:53  Orbital Command  
  26  2:54  SCV  
  27  3:00  Refinery  
  27  3:06  Starport  
  27  3:08  SCV  
  27  3:11  Hellion  
  30  3:14  Hellion  
  30  3:19  Barracks Tech Lab  
  32  3:20  SCV  
  32  3:21  SCV  
  35  3:34  SCV x2  
  35  3:39  Hellion x2  
  40  3:46  SCV x2  
  40  3:47  Supply Depot  
  42  3:52  Marine  
  42  3:53  Raven  
  45  3:57  Orbital Command  
  45  3:58  SCV x2  
  47  4:04  Hellion x2  
  51  4:10  SCV x2  
  52  4:20  Orbital Command  
  52  4:22  Supply Depot, Barracks Tech Lab, SCV x2  
  54  4:28  Hellion  
  54  4:29  Hellion  
  58  4:34  SCV  
  58  4:35  SCV, Barracks  
  58  4:36  Barracks  
  60  4:44  Marine  
  60  4:45  Stimpack  
  61  4:46  Supply Depot, SCV x2  
  61  4:47  SCV  
  64  4:58  SCV, Engineering Bay  
  64  4:59  SCV x2, Engineering Bay  
  67  5:01  Factory Reactor  
  67  5:02  Marine  
  67  5:06  Starport Reactor  
  68  5:10  SCV, Refinery x2  
  68  5:11  SCV  
  70  5:16  SCV  
  70  5:17  Supply Depot  
  70  5:20  Marine  
  72  5:22  SCV  
  72  5:23  SCV  
  74  5:28  Terran Infantry Weapons Level 1, Terran Infantry Armor Level 1  
  74  5:29  SCV  
  74  5:33  Barracks  
  74  5:34  Barracks Reactor, SCV, Barracks  
  76  5:35  SCV  
  76  5:39  Supply Depot  
  76  5:40  Marine x3  
  76  5:41  Widow Mine x2  
  84  5:47  SCV x2  
  84  5:48  SCV  
  84  5:49  Supply Depot  
  87  6:00  SCV x2  
  87  6:01  Marine x2  
  87  6:02  Marine  
  87  6:03  Medivac x2  
  98  6:04  Widow Mine x2  
  98  6:05  SCV  
  98  6:10  Marine x2  
  103  6:12  SCV  
  103  6:15  Supply Depot x2  
  104  6:19  Marine x3  
  104  6:25  Barracks Reactor x2  
  107  6:27  Widow Mine x2, Combat Shield  
  107  6:28  Marine x2  
  107  6:32  SCV x2  
  115  6:34  Refinery x2  
  115  6:37  Marine x2  
  117  6:40  Supply Depot  
  117  6:46  SCV x3  
  114  6:52  Supply Depot  
  114  6:53  Medivac x2  
  118  6:55  Marine x2  
  118  6:56  Marine x3  
  118  6:57  Armory  
  118  6:58  SCV  
  124  7:02  Supply Depot, SCV x2  
  124  7:04  Widow Mine  
  128  7:09  Widow Mine  
  128  7:11  SCV  
  128  7:12  Marine  
  128  7:13  Marine x4  
  128  7:14  SCV x2  
  138  7:17  Supply Depot  
  138  7:21  Marine x3  
  138  7:22  Marine  
  142  7:26  Factory  
  142  7:30  Marine  
  142  7:33  SCV x2  
  145  7:37  Marine  
  145  7:38  Marine  
  145  7:42  Marine x4  
  155  7:44  Widow Mine x2  
  149  7:52  Marine x2  
  149  7:53  SCV x2  
  149  7:54  Supply Depot  
  149  7:56  Supply Depot  
  151  7:59  Command Center  
  151  8:01  Marine x4  
  153  8:10  Marine  
  153  8:11  Marine x3  
  151  8:13  Marine  
  151  8:14  SCV x2  
  151  8:19  Terran Infantry Weapons Level 2, Terran Infantry Armor Level 2, Marine x4  
  138  8:20  Widow Mine x2  
  138  8:22  SCV  
  138  8:23  Medivac x2  
  138  8:26  SCV  
  144  8:28  Marine  
  144  8:32  Marine  
  144  8:33  Marine x2  
  145  8:36  Thor  
  145  8:37  Marine x3  
  145  8:39  SCV x2  
  150  8:47  Marine  
  150  8:48  Marine x2  
  153  8:49  Drilling Claws  
  153  8:50  Widow Mine x2  
  153  8:53  Medivac x2  
  153  8:54  Missile Turret  
  159  8:59  Barracks  
  159  9:03  Barracks  
  159  9:04  Missile Turret, Barracks  
  159  9:11  Marine x3  
  159  9:13  Missile Turret, Widow Mine x2  
  159  9:14  Marine x3  
  167  9:23  Thor  
  165  9:28  SCV x3  
  165  9:30  Marine x2  
  165  9:31  Marauder  
  172  9:35  Widow Mine x2  
  172  9:38  Medivac x2  
  175  9:41  Missile Turret  
  175  9:42  Missile Turret, Terran Vehicle And Ship Armor Level 1  
  175  9:46  Concussive Shells  
  175  9:54  Marine x2  
  175  9:55  Marauder, Barracks Tech Lab  
  175  9:56  Widow Mine x2, Barracks Tech Lab  
  175  9:59  Marine x5  
  185  10:00  Marine  
  185  10:02  SCV x2  
  188  10:12  Thor  
  194  10:17  Widow Mine  
  194  10:18  Widow Mine  
  194  10:21  Planetary Fortress  
  194  10:24  Missile Turret, SCV x2  
  194  10:26  Missile Turret  
  196  10:30  SCV  
  194  10:37  Marine x2  
  194  10:38  Marauder  
  194  10:39  Widow Mine  
  199  10:46  Factory  
  199  10:47  Sensor Tower  
  183  10:52  Marauder, Widow Mine, Marine x3  
  183  10:55  Thor  
  187  10:58  Missile Turret  
  187  11:00  Widow Mine  
  187  11:01  Marine x4  
  187  11:02  Terran Infantry Weapons Level 3  
  190  11:10  Missile Turret  
  190  11:12  Medivac, Marine x3  
  190  11:13  Widow Mine  
  197  11:20  Missile Turret  
  197  11:22  Widow Mine, Missile Turret  
  197  11:24  Marine  
  200  11:26  Terran Infantry Armor Level 3  
  197  11:33  Factory Reactor  
  197  11:36  Widow Mine  
  197  11:37  Marine x3  
  197  11:38  Widow Mine, Command Center, Marine x2  
  197  11:48  Marine x2  
  197  11:49  Marine, Orbital Command  
  194  11:58  Marine x3  
  194  11:59  Marauder x3  
  194  12:00  Widow Mine x2  
  195  12:07  Marine x3  
  196  12:11  Marine x3  
  196  12:14  Widow Mine x2  
  196  12:15  Missile Turret  
  188  12:17  Missile Turret  
  188  12:20  Marauder  
  189  12:29  Missile Turret  
  187  12:32  Marine x2  
  189  12:49  Widow Mine x2  
  199  12:57  Marine  
  199  12:58  Missile Turret x2  
  200  13:02  Missile Turret  
  195  13:10  Thor  
  187  13:13  Marine x2  
  187  13:14  Marauder x2  
  187  13:16  Marine x2  
  187  13:17  Marauder  
  185  13:20  Barracks Tech Lab  
  185  13:25  Marine x2  
  164  13:27  Widow Mine x2  
  164  13:31  Marine x2  
  152  13:35  Marauder x2  
  152  13:38  Marauder  
  152  13:40  Planetary Fortress  
  140  13:41  SCV  
  140  13:42  SCV  
  140  13:45  Marauder, Marine x3  
  146  13:52  SCV  
  148  13:55  Missile Turret  
  148  13:57  Marauder x2  
  148  13:59  Marauder  
  148  14:01  Orbital Command  
  153  14:07  Marauder  
  153  14:08  Missile Turret, Marine x3  
  153  14:09  Marine x3  
  161  14:10  Widow Mine  
  163  14:18  Marine x4  
  163  14:20  Sensor Tower  
  165  14:26  Marine x2  
  165  14:27  Missile Turret, Thor  
  165  14:28  Widow Mine x2  
  177  14:31  Supply Depot  
  172  14:49  Orbital Command  
  172  14:50  Marauder, Marine  
  172  14:51  Starport Reactor  
  175  14:54  Widow Mine x2  
  175  14:59  Missile Turret x2  
  174  15:01  Marauder, SCV, Marine x2  
  174  15:05  Marine x3  
  182  15:10  Thor  
  182  15:11  Missile Turret  
  188  15:17  Widow Mine x3  
  192  15:21  Supply Depot  
  192  15:27  Missile Turret  
  192  15:28  Missile Turret  
  192  15:32  Command Center  
  192  15:39  Missile Turret  
  192  15:53  Marine x2  
  192  15:54  Marauder x2  
  187  16:03  Marauder x2, Marine x3  
  187  16:04  Widow Mine x2, Thor  
  178  16:05  Widow Mine, Medivac x2  
  178  16:11  Marine x3  
  159  16:12  Widow Mine  
  159  16:15  Marauder x2  
  159  16:18  SCV x3  
  158  16:20  SCV  
  158  16:24  Marine x2  
  158  16:25  Marauder x2  
  166  16:26  Widow Mine x3  
  166  16:30  SCV x2  
  166  16:31  SCV  
  166  16:32  SCV  
  176  16:36  Marine  
  176  16:37  Marauder x2, Marine x4  
  176  16:38  Marine  
  186  16:42  SCV x2  
  186  16:43  SCV  
  189  16:50  Marine  
  189  16:51  Marauder x2, Marine  
  195  16:54  Marine  
  195  16:59  Widow Mine x2  
  195  17:00  Missile Turret  
  159  17:18  Medivac  
  159  17:20  Marine x2  
  159  17:21  Marauder, Marine x6  
  159  17:22  Marine x2  
  140  17:23  Refinery  
  140  17:25  Refinery  
  136  17:33  Marine  
  136  17:36  SCV x4  
  136  17:37  SCV  
  142  17:38  Marine x3  
  142  17:44  Missile Turret, Marine x6  
  145  17:45  Marine x2  
  145  17:48  SCV x4  
  157  17:51  Marine  
  157  17:54  Widow Mine x3, Medivac  
  157  17:56  Marine x3  
  169  18:02  Marine x3  
  169  18:03  Marauder x2  
  176  18:10  Medivac  
  167  18:14  SCV x2  
  167  18:15  SCV x3  
  167  18:16  Marine x2  
  167  18:17  Marauder x2  
  167  18:19  Widow Mine x2  
  183  18:27  Marauder x2, Marine x2  
  183  18:32  Planetary Fortress  
  181  18:42  Orbital Command  
  180  18:51  Marine x4  
  180  18:52  Marauder, Widow Mine  
  180  18:53  Widow Mine  
  189  19:00  Widow Mine x2  
  189  19:01  Marauder x2, Barracks Tech Lab, Marine x2  
  199  19:11  Missile Turret  
  199  19:14  Factory Tech Lab, Marine  
  200  19:19  Missile Turret  
  200  19:28  Marine  
  200  19:29  Marauder, Marine  
  200  19:31  Widow Mine  
  199  19:44  Marine  
  199  19:45  Marine x2  
  195  19:46  Marine x2  
  195  19:47  Marine  
  195  19:49  Marine  
  195  19:50  Starport Reactor  
  178  19:56  Marauder x4  
  177  20:02  Widow Mine x3, Marine x2  
  177  20:03  Marine  
  177  20:04  Missile Turret  
  177  20:06  Missile Turret x2  
  186  20:08  Widow Mine  
  186  20:09  Widow Mine  
  190  20:23  Widow Mine x2, Marine  
  190  20:24  Marauder x2, Marine x2  
  190  20:28  Medivac x2  
  192  20:36  Widow Mine x2  
  192  20:39  Marine x3  
  199  20:47  Widow Mine x2  
  194  20:50  Marine  
  194  20:51  Marauder x3, Marine x2  
  194  20:53  Marine x2  
  199  20:57  Marine  
  196  21:10  Marine x3  
  180  21:12  Marauder x2  
  180  21:13  Marauder  
  180  21:14  Medivac x2  
  158  21:19  Marine x4  
  158  21:20  Marauder  
  160  21:27  SCV x2, Marine  
  160  21:28  SCV x2, Refinery x2, Marine x2  
  163  21:33  Marauder, Widow Mine  
  163  21:34  Marauder, Widow Mine x2  
  173  21:44  Medivac  
  174  21:51  Widow Mine  
  173  21:55  Widow Mine  
  173  21:58  Medivac  
  173  22:00  Widow Mine x2  
  173  22:01  Marauder x3, Marine x5  
  187  22:02  Marine x2  
  194  22:09  Marine  
  194  22:12  Widow Mine  
  195  22:16  Widow Mine  
  195  22:19  Marine x2  
  199  22:36  Marine  
  199  22:37  Marauder, Marine x2  
  200  22:47  Marauder, Marine  
  200  22:49  Widow Mine  
  156  22:53  Medivac x2  
  121  22:59  Marauder x3, Marine x2  
  121  23:04  Marine x4  
  135  23:05  Widow Mine  
  135  23:09  Marauder  
  135  23:10  SCV x2  
  132  23:20  Marauder  
  132  23:21  Marauder x2  
  132  23:23  Medivac x2, Marine x2  
  132  23:24  Marine x2  
  132  23:26  Widow Mine  
  134  23:30  Marauder  
  134  23:33  Marine  
  126  23:40  Marine  
  126  23:41  Marine  
  122  23:42  Marauder x3  
  128  23:53  Supply Depot  
  126  24:01  Supply Depot  
  126  24:03  Supply Depot  
  126  24:13  Supply Depot  
  126  24:14  Marine x2  
  126  24:15  Marauder  
  126  24:16  Supply Depot  
  124  24:22  Marine x4, Orbital Command  
  124  24:23  Marauder x2  
  132  24:25  Marauder  
  140  24:32  Supply Depot  
  140  24:35  Marine  
  143  24:44  Marauder  
  144  24:50  Marine  
  144  24:51  Marine x4  
  142  24:57  Widow Mine  
  136  25:06  Marine x3  
  136  25:07  Marauder, Marine  
  139  25:11  Starport  
  139  25:14  Marine x6  
  148  25:22  Factory Tech Lab  
  148  25:24  Marine x4  
  148  25:28  Marine  
  151  25:31  Marine  
  152  25:37  Command Center  

Tags
 
Add a new tag
Caveats
  • Supply blocks, unpowered buildings, or Contaminate may cause inaccurate times.
  • Supply counts are checked every 10 seconds.